 Dungeon Crawl Stone Soup version 0.27.1-35-g4d5d836560 (console) character file.

Game seed: 10668751357764486679

742 grimtooth the Tainter (level 7, -4/46 HPs)
             Began as a Merfolk Venom Mage on May 5, 2022.
             Was an Initiate of Hepliaklqana.
             Slain by a lemure (6 damage)
             ... led by Pikel
             ... on level 4 of the Dungeon.
             The game lasted 00:27:17 (5941 turns).

grimtooth the Tainter (Merfolk Venom Mage)          Turns: 5941, Time: 00:27:17

Health: -4/46      AC:  3    Str:  9    XL:     7   Next: 76%
Magic:  13/13      EV: 12    Int: 16    God:    Hepliaklqana [......]
Gold:   96         SH:  0    Dex: 14    Spells: 4/14 levels left

rFire    . . .     SeeInvis .   b - +0 hunting sling
rCold    . . .     Faith    .   (no shield)
rNeg     . . .     Spirit   .   g - +0 robe
rPois    .         Reflect  .   o - +0 helmet
rElec    .         Harm     .   (no cloak)
rCorr    +         Rampage  .   (no gloves)
Will     +....                  (no boots)
Stlth    ++........             (no amulet)
HPRegen  0.15/turn              r - ring of willpower
MPRegen  0.13/turn              m - ring of resist corrosion

@: no status effects
A: (nimble swimmer 2), mertail
a: Renounce Religion


You were on level 4 of the Dungeon.
You worshipped Hepliaklqana.
Hepliaklqana was noncommittal.
You visited 1 branch of the dungeon, and saw 5 of its levels.

You collected 124 gold pieces.
You spent 28 gold pieces at shops.

Inventory:

Hand Weapons
 a - a +0 dagger of venom
 b - a +0 hunting sling (weapon)
 u - a +0 dagger
Missiles
 d - 50 stones (quivered ammo)
 e - 20 sling bullets
 p - 7 boomerangs
 s - 6 poisoned darts
Armour
 g - a +0 robe (worn)
 o - a +0 helmet (worn)
Jewellery
 m - a ring of resist corrosion (right hand)
 r - a ring of willpower (left hand)
Wands
 k - a wand of flame (53)
Scrolls
 c - a scroll of fog {unknown}
 f - a scroll of brand weapon {unknown}
 n - a scroll of torment {unknown}
 v - a scroll of teleportation {unknown}
 w - a scroll of enchant armour {unknown}
 x - 2 scrolls of summoning {unknown}
 y - a scroll of magic mapping {unknown}
 z - a scroll of amnesia {unknown}
Potions
 h - a potion of attraction
 i - 2 potions of mutation
 j - a potion of flight
 l - a potion of resistance {unknown}
 q - a potion of cancellation
 t - a potion of heal wounds {unknown}


   Skills:
 - Level 2.6 Dodging
 - Level 2.1 Stealth
 - Level 4.0 Spellcasting
 - Level 1.3 Transmutations
 + Level 8.8 Poison Magic


You had 4 spell levels left.
You knew the following spells:

 Your Spells              Type           Power      Damage    Failure   Level
a - Sting                 Tmut/Pois      76%        1d6       2%          1
b - Poisonous Vapours     Pois/Air       34%        N/A       4%          2
c - Mephitic Cloud        Conj/Pois/Air  12%        N/A       16%         3
d - Olgreb's Toxic Radia  Pois           31%        N/A       4%          4

Your spell library contained the following spells:

 Spells                   Type           Power      Damage    Failure   Level
 Animate Armour           Summ/Erth      6%         N/A       86%         4
 Animate Dead             Necr           1%         N/A       86%         4
 Blade Hands              Tmut           3%         N/A       95%         5
 Borgnjor's Vile Clutch   Necr/Erth      1%         N/A       99%         5
 Summon Forest            Summ/Tloc      1%         N/A       99%         5
 Summon Mana Viper        Hex/Summ       3%         N/A       99%         5
 Death Channel            Necr           1%         N/A       100%        6
 Iron Shot                Conj/Erth      1%         9d1       100%        6
 Shadow Creatures         Summ           N/A        N/A       100%        6


Dungeon Overview and Level Annotations

Branches:
Dungeon (5/15)             Temple (0/1) D:5

Altars:
Hepliaklqana
Makhleb
Sif Muna

Shops:
D:4 (*=*

Annotations:
D:4 Pikel


Innate Abilities, Weirdness & Mutations

((You are quick and stealthy near water. (Stealth+, EV+, Speed+++)))
Your lower body shifts to a powerful aquatic tail in water.


Message History

The bullfrog zombie barely misses you.
The bullfrog zombie hits you but does no damage.
The bullfrog zombie hits you but does no damage.
The bullfrog zombie hits you but does no damage.
The bullfrog zombie closely misses you.
There is a stone staircase leading up, spattered with blood here.
The bullfrog zombie barely misses you. The bullfrog zombie misses you.
You climb upwards.
There is a stone staircase leading down here.
There is a stone staircase leading down here.
You climb downwards.
Pikel shouts!
The lemure shouts! x3
The lemure closely misses you.
Pikel hits you with a +0 whip of flaming.
Pikel burns you. The lemure hits you! The lemure barely misses you.
Pikel hits you with a +0 whip of flaming.
Pikel burns you. The lemure barely misses you.
Found a scroll of identify.
Found a stone staircase leading down and a staircase to the Ecumenical Temple.
There is a stone staircase leading up here.
The lemure hits you.
* * * LOW HITPOINT WARNING * * *
The lemure hits you.
* * * LOW HITPOINT WARNING * * *
The lemure barely misses you. Pikel hits you but does no damage.
The lemure hits you.
* * * LOW HITPOINT WARNING * * *
You climb upwards.
There is a stone staircase leading down here.
Okay, then.
Enter note: - bad reaction
Press: ? - help, v - describe, . - travel
Here: a lemure The floor.
Okay, then.
It was a potion of cancellation.
You feel magically purged. The lemure hits you!
* * * LOW HITPOINT WARNING * * *
The lemure barely misses you. The lemure hits you.
You die...

###..........#..#..#...#..#.(#).)
........###..#.)#..#...#######...
.#####.## #..####..#####.........
.# ### #...................... .#
#####.#####............ .# #####
#.# #.###.#.###.. .# ##...## #.#
##.###.#.# #.# .####.....# #.#
#...##.#.# #.# ..........#
#.####.#.##.#.# #.#
#####<....#####5##...#....#.###.#
# ##...###...5@5K#####........# #
###.## #.##5##...#........#.# #
#...# #.##.####.#.####.#.#.# #
#.### #.##.# #...# #.#.#.#
#####.# #.##.#####.#####.#.#.#
......# #.##....<.#..........#
####### #.########)####.##.#.# #
#.# #.# #.##.#.# # #.# #.#
#.##.#.# ######## #.#
#.####.##.... .......#####.####
#............


You could see Pikel and 4 lemures.

Vanquished Creatures
  Sigmund (D:5)
  A black bear (D:4)
  An ogre (D:4)
  A phantom (D:4)
  A scorpion (D:4)
  A hound (D:4)
  A centaur skeleton (D:4)
  Ijyb (D:3)
  Robin (D:3)
  A hound skeleton (D:4)
  5 adders
  A howler monkey skeleton (D:4)
  A worm (D:2)
  3 dart slugs
  5 orcs (D:4)
  5 bats
  8 endoplasms
  3 giant cockroaches
  19 goblins
  12 hobgoblins
  2 jackals (D:3)
  4 quokkas
  3 ball pythons
  3 frilled lizards
  13 kobolds
  7 rats
104 creatures vanquished.

Vanquished Creatures (others)
  4 plants (D:4)
4 creatures vanquished.

Grand Total: 108 creatures vanquished

Notes
Turn   | Place    | Note
-------+----------+-------------------------------------------
     0 | D:1      | grimtooth the Merfolk Venom Mage began the quest for the
                  | Orb.
     0 | D:1      | Reached XP level 1. HP: 13/13 MP: 3/3
   299 | D:1      | Reached XP level 2. HP: 19/19 MP: 3/5
   676 | D:1      | Found a faded altar of an unknown god.
   677 | D:1      | Noticed a great orb of eyes
   682 | D:1      | Noticed a floating eye
   686 | D:1      | Noticed a floating eye
   686 | D:1      | Noticed an eye of devastation
   941 | D:1      | Reached XP level 3. HP: 24/24 MP: 2/6
   960 | D:1      | Learned a level 2 spell: Poisonous Vapours
  1097 | D:2      | Reached skill level 4 in Poison Magic
  2203 | D:3      | Noticed Robin
  2292 | D:3      | Noticed Ijyb
  2302 | D:3      | - man *everybody* has a wand
  2309 | D:3      | HP: 1/24 [Ijyb/puff of flame (7)]
  2316 | D:3      | Killed Ijyb
  2317 | D:3      | Reached XP level 4. HP: 3/30 MP: 0/8
  2695 | D:3      | Found a burning altar of Makhleb.
  2969 | D:3      | Reached XP level 5. HP: 30/35 MP: 3/10
  3369 | D:3      | Reached skill level 5 in Poison Magic
  3394 | D:3      | Killed Robin
  3905 | D:4      | Found Pyrchi Kiuzi's Weapon Emporium.
  3906 | D:4      | Found Duekocouw's Jewellery Emporium.
  3907 | D:4      | Found Pawicatu's General Store.
  3910 | D:4      | Found Duym's Assorted Antiques.
  3970 | D:4      | Bought a scroll of identify for 28 gold pieces
  4083 | D:4      | Noticed a black bear
  4113 | D:4      | Killed a black bear
  4114 | D:4      | Reached skill level 6 in Poison Magic
  4114 | D:4      | Reached XP level 6. HP: 19/41 MP: 1/12
  4720 | D:4      | Found a hazy altar of Hepliaklqana.
  4742 | D:5      | Entered Level 5 of the Dungeon
  4751 | D:5      | Noticed Sigmund
  4773 | D:4      | Reached skill level 7 in Poison Magic
  4827 | D:4      | Reached XP level 7. HP: 10/46 MP: 13/13
  5675 | D:4      | Found a shimmering blue altar of Sif Muna.
  5724 | D:4      | Became a worshipper of Hepliaklqana the Forgotten
  5779 | D:4      | Reached skill level 8 in Poison Magic
  5784 | D:4      | Learned a level 3 spell: Mephitic Cloud
  5789 | D:4      | Learned a level 4 spell: Olgreb's Toxic Radiance
  5816 | D:5      | Killed Sigmund
  5938 | D:5      | Noticed Pikel
  5938 | D:5      | Found a staircase to the Ecumenical Temple.
  5941 | D:4      | - bad reaction
  5941 | D:4      | HP: 2/46 [lemure[Pikel] (8)]
  5941 | D:4      | Slain by a lemure

Illustrated notes .. ....... #. ...#.# .. ...#.# . g.#.# #. #.#.# #.###.#.# #..g....#.# . #(g(......# #....####.####### ..#..####@##..... #...†......# ....####.##### #.# #.# #.# ####.#### #.# #.......# #.# #.......# #.# #.......# ##.###.......# #.......†....# #..###.......# Turn 2302 on D:3: - man *everybody* has a wand

###..........#..#..#...#..#.(#).)
........###..#.)#..#...#######...
.#####.## #..####..#####.........
.# ### #...................... .#
#####.#####............ .# #####
#.# #.###.#.###.. .# ##...## #.#
##.###.#.# #.# .####.....# #.#
#...##.#.# #.# ..........#
#.####.#.##.#.# #.#
#####<....#####5##K..#....#.###.#
# ##...###...5@5.#####........# #
###.## #.##5##...#........#.# #
#...# #.##.####.#.####.#.#.# #
#.### #.##.# #...# #.#.#.#
#####.# #.##.#####.#####.#.#.#
......# #.##....<.#..........#
####### #.########)####.##.#.# #
#.# #.# #.##.#.# # #.# #.#
#.##.#.# ######## #.#
#.####.##.... .......#####.####
#............


Turn 5941 on D:4: - bad reaction

Levels and vault maps discovered:
D:1:      beargit_arrival_greenhouse, layout_basic,
          hellmonk_ecumenical_altar_watching_god
D:2:      layout_loops_ring
D:3:      layout_loops_cross, bloody_makhleb, uniq_robin, uniq_ijyb
D:4:      corexii_shack_village, layout_loops_ring,
          mainiacjoe_overflow_alcove_1, general_overflow_altar, serial_bayou,
          serial_bayou_pond_a, serial_bayou_ford_a, serial_bayou_pond_d,
          serial_bayou_pond_b, corexii_leaking_fountain, minmay_shop_grid_forest
D:5:      layout_cave_pods, nicolae_yredelemnul_corpse_copse,
          minmay_temple_entry_butterflies, minivault_25,
          kennysheep_generic_room_10, uniq_pikel, uniq_crazy_yiuf_cottage,
          uniq_sigmund

Skill      XL: |  1  2  3  4  5  6  7 |
---------------+----------------------+-----
Poison Magic   | 4 6 7 8 |  8.8
Spellcasting   | 3 4 |  4.0
Dodging        | |  2.6
Stealth        | |  2.1
Transmutations | |  1.3

Action                   |  1- 3 |  4- 6 |  7- 9 || total
-------------------------+-------+-------+-------++-------
Melee: Dagger            |     3 |    38 |    13 ||    54
 Fire: Hunting sling     |       |    33 |     8 ||    41
Throw: Stone             |    35 |    37 |       ||    72
       Dart              |       |     1 |       ||     1
 Cast: Sting             |    69 |   101 |     8 ||   178
       Poisonous Vapours |     4 |    20 |     3 ||    27
Evoke: Wand              |       |     4 |     4 ||     8
  Use: Scroll            |       |     2 |     1 ||     3
       Potion            |       |       |     1 ||     1
Armor: Robe              |     3 |    18 |     9 ||    30
Dodge: Dodged            |     9 |    79 |    19 ||   107
